 Dungeon Crawl Stone Soup version 0.32-a0-540-g866d13106e (webtiles) character file.

Game seed: 9552342096296998295

8609 MachoJfn the Harbinger of Doom (level 11, -2/121 HPs)
             Began as a Demonspawn Gladiator on Feb 22, 2024.
             Was an Elder of Yredelemnul.
             Slain by a skeletal warrior
             ... wielding a +0 war axe
              (18 damage)
             ... on level 11 of the Dungeon on Feb 28, 2024.
             The game lasted 00:28:20 (11849 turns).

MachoJfn the Harbinger of Doom (DsGl)              Turns: 11849, Time: 00:28:21

Health: -2/121     AC: 25    Str: 19    XL:     11   Next: 12%
Magic:  0/18       EV:  2    Int:  9    God:    Yredelemnul [****..]
Gold:   610        SH:  0    Dex: 18    Spells: 10/10 levels left

rFire   . . .        D - +5 war axe
rCold   + + .        (no shield)
rNeg    . . .        p - melded +0 plate armour
rPois   +            K - melded +2 helmet {Int+3}
rElec   .            g - melded +0 cloak
rCorr   .            (gloves currently unavailable)
SInv    .            (boots currently unavailable)
Will    .....        j - amulet of Mirth {Spirit rPois Will- Dex+4}
Stlth   +++          b - ring of protection from cold
HPRegen 0.40/turn    H - ring of protection from cold
MPRegen 0.16/turn

%: guardian spirit
@: tree-form, wreathed by umbra
A: stationary, stasis, torment immunity, boosted hp, (slimy green scales 1),
(spiny 2), demonic magic 1, (demonic touch 2)
a: Renounce Religion, Light the Black Torch, Recall Undead Harvest, Hurl
Torchlight, Bind Soul


You were on level 11 of the Dungeon.
You worshipped Yredelemnul.
Yredelemnul was aware of your devotion.
You were a tree.
You visited 1 branch of the dungeon, and saw 11 of its levels.

You collected 610 gold pieces.

Inventory:

Hand Weapons
 D - a +5 war axe (weapon)
Missiles
 d - 3 throwing nets (quivered)
 e - a javelin
 f - 122 stones
 h - 5 atropa-tipped darts
 v - 51 poisoned darts
 x - 9 boomerangs
 G - 11 large rocks
Armour
 g - a +0 cloak (melded)
 p - a +0 plate armour (melded)
 K - a +2 helmet of intelligence (melded)
Jewellery
 b - a ring of protection from cold (left branch)
 j - the amulet of Mirth (around neck) {Spirit rPois Will- Dex+4}
   (You acquired it on level 2 of the Dungeon)

   [amulet of guardian spirit]

   Spirit:    It causes incoming damage to be divided between your reserves of
   health and magic.
   Dex+4:     It affects your dexterity (+4).
   rPois:     It protects you from poison Will-: It decreases your willpower.
 n - a ring of wizardry
 o - an amulet of reflection
 q - a ring of flight
 r - an amulet of faith
 s - a ring of ice
 H - a ring of protection from cold (right branch)
Wands
 y - a wand of roots (37)
 C - a wand of polymorph (9)
 E - a wand of acid (9)
 F - a wand of charming (12)
Scrolls
 a - a scroll of poison
 l - 5 scrolls of identify
 m - a scroll of amnesia
 t - 2 scrolls of fear
 w - 2 scrolls of teleportation
 J - a scroll of immolation
Potions
 i - a potion of heal wounds
 k - a potion of degeneration
 u - 5 potions of curing
 z - a potion of lignification
 A - a potion of magic
 B - a potion of resistance
 I - a potion of berserk rage


   Skills:
 + Level 6.1 Fighting
 + Level 9.9 Axes
 - Level 1.7 Throwing
 + Level 8.3 Armour
 + Level 4.0 Dodging
 + Level 2.5 Stealth
 * Level 10.1 Invocations


You had 10 spell levels left.
You didn't know any spells.
Your spell library contained the following spells:

 Spells                   Type           Power      Damage    Failure   Level
 Summon Small Mammal      Summ           0%         N/A       38%         1
 Lesser Beckoning         Tloc           0%         N/A       52%         2
 Scorch                   Fire           0%         2d5       52%         2
 Call Canine Familiar     Summ           0%         N/A       77%         3
 Gell's Gravitas          Tloc           0%         N/A       77%         3
 Teleport Other           Tloc           0%         N/A       77%         3
 Flame Wave               Conj/Fire      0%         2d4       99%         4
 Summon Blazeheart Golem  Fire/Summ      0%         N/A       99%         4
 Summon Cactus Giant      Summ           0%         N/A       100%        6


Dungeon Overview and Level Annotations

Branches:
Dungeon (11/15)            Temple (0/1) D:4            Lair (0/5) D:9
    Orc (0/2) D:10

Altars:
Ashenzari
Dithmenos
Fedhas
Gozag
Hepliaklqana
Makhleb
Okawaru
Ru
Xom
Yredelemnul

Shops:
D:3 (   D:5 *   D:10 *

Annotations:
D:7 3 runed translucent doors, Malificent's ghost, novice DrNe
D:11 2 transporters


Innate Abilities, Weirdness & Mutations

You are a tree.
Your roots penetrate the ground, keeping you stationary.
You cannot be teleported.
You are immune to unholy pain and torment.
Your maximum health is greatly increased.
Your equipment is partially melded.
((You are partially covered in slimy green scales. (AC +2)))
((You are mostly covered in sharp spines.))
Spells you cast may paralyse adjacent enemies.
((Your touch may inflict irresistible damage on your foes.))


Message History

You hit the skeletal warrior but do no damage.
You touch the skeletal warrior!
The skeletal warrior is moderately damaged.
The skeletal warrior hits you but does no damage.
You slash the skeletal warrior!
The skeletal warrior is heavily damaged.
The skeletal warrior hits you with a +0 war axe!
You hit the skeletal warrior but do no damage.
The skeletal warrior is heavily damaged.
You hit the skeletal warrior.
The skeletal warrior closely misses you.
You closely miss the skeletal warrior.
You touch the skeletal warrior!
The skeletal warrior is lightly damaged.
You hit the skeletal warrior. You slash the skeletal warrior!
The skeletal warrior is struck by your spines.
The skeletal warrior hits you with a +0 mace.
The skeletal warrior barely misses you.
The skeletal warrior hits you but does no damage.
The skeletal warrior closely misses you.
You hit the skeletal warrior.
The skeletal warrior is moderately damaged.
You completely miss the skeletal warrior.
You hit the skeletal warrior but do no damage.
The skeletal warrior hits you from afar with a +0 glaive!
* * * LOW HITPOINT WARNING * * *
The skeletal warrior barely misses you.
The skeletal warrior hits you with a +0 mace!
* * * LOW HITPOINT WARNING * * *
You turn into a tree.
Your +0 cloak melds into your body.
Your +2 helmet of intelligence melds into your body.
Your +0 plate armour melds into your body.
You feel stupid.
Your roots penetrate the ground.
The skeletal warrior hits you with a +2 heavy hand axe.
* * * LOW HITPOINT WARNING * * *
The skeletal warrior hits you with a +0 mace.
* * * LOW HITPOINT WARNING * * *
The skeletal warrior hits you with a +0 war axe!!
You die...
Your body rises from the dead as a mindless zombie.

##############...##....
#.......#...###'###....
#.......#..............
#.......#..............
#.......#........).....
#.......######...##...#
###z####.#####'###...#
#...zz................
#...z♣................
#.....................
#...##.####.##..###..#
#...#######.###+####+#
#............#...+....
+............#...#....
#............#...#....
#########....#...#....
........#...##...##...


You could see 4 skeletal warriors.

Vanquished Creatures
  A cyclops (D:11)
  Maurice (D:8)
  A kobold demonologist (D:9)
  A troll (D:11)
  Prince Ribbit (D:5)
  Sigmund (D:5)
  A vampire (D:11)
  2 shadows
  A wyvern (D:8)
  A steam dragon (D:9)
  Edmund (D:5)
  An ice beast (D:7)
  A sky beast (D:8)
  2 black bears
  3 ogres
  A phantom (D:6)
  5 kobold brigands
  4 bullfrogs
  3 scorpions
  11 wights
  10 killer bees
  A gnoll bouda (D:8)
  2 jellies
  2 sleepcaps
  2 orc priests
  A hound (D:6)
  2 iguanas (D:6)
  An orc wizard (D:10)
  Robin (D:3)
  7 gnolls
  5 adders
  A white imp (D:7)
  2 ribbon worms
  A dart slug (D:4)
  13 orcs
  7 ball pythons
  7 endoplasms
  A giant cockroach (D:1)
  11 goblins
  11 hobgoblins
  5 jackals
  A quokka (D:1)
  5 bats
  3 frilled lizards
  18 kobolds
  A rat (D:1)
164 creatures vanquished.

Vanquished Creatures (collateral kills)
  A two-headed ogre (D:11)
  A cyclops (D:11)
  Joseph (D:7)
  Jeremiah (D:7)
  A troll (D:10)
  A hornet (D:9)
  2 wyverns
  A sky beast (D:7)
  A phantom (D:4)
  A kobold brigand (D:9)
  A gnoll sergeant (D:8)
  A scorpion (D:5)
  6 wights
  2 killer bees
  A hound (D:6)
  A jelly (D:6)
  A sleepcap (D:6)
  2 adders
  6 gnolls
  A shadow imp (D:8)
  A ribbon worm (D:2)
  3 endoplasms (D:4)
  A hobgoblin (D:2)
  A jackal (D:4)
  A frilled lizard (D:1)
  6 kobolds
  2 rats (D:1)
48 creatures vanquished.

Vanquished Creatures (others)
  2 cyclops zombies (D:11)
  A troll zombie (D:11)
  A bullfrog zombie (D:7)
  A gnoll zombie (D:4)
  A hobgoblin zombie (D:3)
  2 kobold zombies (D:7)
  An orc zombie (D:10)
9 creatures vanquished.

Grand Total: 221 creatures vanquished

Notes
Turn   | Place    | Note
-------+----------+-------------------------------------------
     0 | D:1      | MachoJfn the Demonspawn Gladiator began the quest for the
                  | Orb.
     0 | D:1      | Reached XP level 1. HP: 16/16 MP: 1/1
   110 | D:1      | Gained mutation: You are partially covered in sharp spines.
                  | [demonic ancestry]
   110 | D:1      | Reached XP level 2. HP: 22/22 MP: 2/2
   143 | D:1      | Found a faded altar of an unknown god.
   148 | D:1      | Prayed at the altar of an unknown god.
   148 | D:1      | Became a worshipper of Yredelemnul the Fallen
   148 | D:1      | Reached * piety under Yredelemnul
   751 | D:2      | Gained mutation: Your touch may inflict minor irresistible
                  | damage on your foes. [demonic ancestry]
   751 | D:2      | Reached XP level 3. HP: 27/27 MP: 3/3
  1038 | D:2      | Reached skill level 1 in Invocations
  1261 | D:2      | Reached XP level 4. HP: 26/34 MP: 4/4
  1392 | D:2      | Identified a scroll of acquirement
  1392 | D:2      | Acquired the amulet of Mirth {Spirit rPois Will- Dex+4}
  1403 | D:2      | Upgraded the game from 0.32-a0-433-g08bcfe7efd to
                  | 0.32-a0-540-g866d13106e
  1468 | D:3      | Reached ** piety under Yredelemnul
  1495 | D:3      | Noticed Robin
  1502 | D:3      | Killed Robin
  1572 | D:3      | Reached skill level 2 in Invocations
  1609 | D:3      | Reached XP level 5. HP: 36/39 MP: 6/6
  1723 | D:3      | Found Ukkysis's Antique Weapon Boutique.
  1999 | D:3      | Reached skill level 1 in Armour
  2681 | D:4      | Found a staircase to the Ecumenical Temple.
  2684 | D:4      | Noticed a phantom
  2698 | D:4      | Killed a phantom
  2699 | D:4      | Reached XP level 6. HP: 42/46 MP: 6/8
  2733 | D:4      | Reached skill level 3 in Invocations
  2894 | D:4      | Reached *** piety under Yredelemnul
  3352 | D:5      | Entered Level 5 of the Dungeon
  3450 | D:5      | Found Zin's Purification Station.
  3507 | D:5      | Noticed Prince Ribbit
  3528 | D:5      | Killed Prince Ribbit
  3529 | D:5      | Reached skill level 5 in Axes
  3529 | D:5      | Reached skill level 4 in Invocations
  3529 | D:5      | Reached XP level 7. HP: 34/52 MP: 7/10
  3732 | D:5      | Noticed Edmund
  3744 | D:5      | Killed Edmund
  3836 | D:5      | Found a shimmering altar of Xom.
  3837 | D:5      | Found a hazy altar of Hepliaklqana.
  3837 | D:5      | Noticed a hell beast
  3838 | D:5      | Noticed a spectral ugly thing
  3838 | D:5      | Noticed a hell beast
  3964 | D:5      | Noticed Sigmund
  3973 | D:5      | Killed Sigmund
  3974 | D:5      | Reached skill level 5 in Invocations
  4653 | D:6      | Gained mutation: You are mostly covered in sharp spines.
                  | [demonic ancestry]
  4653 | D:6      | Reached XP level 8. HP: 57/60 MP: 10/12
  5432 | D:6      | Reached skill level 6 in Invocations
  5558 | D:6      | Found an iron altar of Okawaru.
  5571 | D:6      | Found a sacrificial altar of Ru.
  5971 | D:7      | Noticed Joseph
  5971 | D:7      | Found a flagged portal.
  6008 | D:7      | Reached skill level 5 in Armour
  6011 | D:7      | Killed Joseph
  6012 | D:7      | Reached skill level 1 in Stealth
  6012 | D:7      | Reached skill level 7 in Invocations
  6012 | D:7      | Gained mutation: Spells you cast may paralyse adjacent
                  | enemies. [demonic ancestry]
  6012 | D:7      | Reached XP level 9. HP: 31/66 MP: 6/14
  6170 | D:7      | Found a runed translucent gate.
  6170 | D:7      | Found a runed translucent gate.
  6170 | D:7      | Found a runed translucent gate.
  6171 | D:7      | Noticed Malificent's ghost (novice DrNe)
  6234 | D:7      | Reached **** piety under Yredelemnul
  6255 | D:7      | Noticed Jeremiah
  6264 | D:7      | Killed Jeremiah
  6492 | D:7      | Found a burning altar of Makhleb.
  6500 | D:7      | Found an opulent altar of Gozag.
  6505 | D:7      | Found a blossoming altar of Fedhas.
  6593 | D:7      | Reached skill level 8 in Invocations
  6736 | D:7      | Found a shadowy altar of Dithmenos.
  7225 | D:8      | Noticed Maurice
  7245 | D:8      | Killed Maurice
  7246 | D:8      | Reached skill level 5 in Fighting
  7333 | D:8      | Gained mutation: Your touch may inflict irresistible damage
                  | on your foes. [demonic ancestry]
  7333 | D:8      | Reached XP level 10. HP: 51/74 MP: 10/16
  8561 | D:9      | Reached skill level 9 in Invocations
  8942 | D:9      | Found a staircase to the Lair.
  9239 | D:9      | Reached ***** piety under Yredelemnul
  9394 | D:9      | Found a broken altar of Ashenzari.
 10021 | D:10     | Entered Level 10 of the Dungeon
 10105 | D:10     | Found a staircase to the Orcish Mines.
 10205 | D:10     | Found Vucheo's Fire Supplies.
 10713 | D:11     | Found a transporter.
 10713 | D:11     | Noticed a centaur warrior
 10716 | D:11     | Noticed a gargoyle
 10733 | D:11     | Found a transporter.
 10733 | D:11     | Noticed a six-headed hydra
 10755 | D:11     | Noticed a cyclops
 10833 | D:11     | Noticed a cyclops
 10868 | D:11     | Noticed a cyclops
 10875 | D:11     | Killed a cyclops
 10902 | D:11     | Noticed a stone giant
 11029 | D:11     | Noticed a boulder beetle
 11123 | D:11     | Noticed a cyclops
 11134 | D:11     | Killed a cyclops
 11139 | D:11     | Gained mutation: You are partially covered in slimy green
                  | scales. (AC +2) [demonic ancestry]
 11139 | D:11     | Reached XP level 11. HP: 31/81 MP: 6/18
 11310 | D:11     | Noticed a two-headed ogre
 11315 | D:11     | Killed a two-headed ogre
 11316 | D:11     | Reached skill level 10 in Invocations
 11835 | D:11     | Noticed a skeletal warrior
 11835 | D:11     | Noticed a skeletal warrior
 11835 | D:11     | Noticed a skeletal warrior
 11835 | D:11     | Noticed a skeletal warrior
 11849 | D:11     | Slain by a skeletal warrior

Illustrated notes

Levels and vault maps discovered:
D:1:      spicycebolla_arrival_risky_transporter, layout_basic,
          chequers_ecumenical_altar_simple, minmay_indecisive_spiral
D:2:      layout_loops_ring
D:3:      layout_loops_corners, serial_shops, nicolae_diamond_shop,
          dreamdust_princess_corridor, roderic_lattice_a, uniq_robin
D:4:      layout_rooms, minmay_temple_entry_drinking_statues,
          chequers_serial_rivers_small_3, minmay_misc_feat_nine_boxes
D:5:      layout_basic, regret_index_temple_of_mockery, zin_purify,
          uniq_prince_ribbit1, uniq_edmund, uniq_sigmund
D:6:      layout_layer_cave, jmf_multi_god_temple2, minmay_misc_feat_plants,
          grunt_ministairs_13
D:7:      layout_gridville, grunt_temple_overflow_cloverleaf,
          nicolae_dithmenos_the_darkroom, enter_bailey_2,
          ebering_ghost_rock_garden, uniq_jeremiah, uniq_joseph
D:8:      layout_basic, kennysheep_generic_room_14, uniq_maurice
D:9:      layout_layer_cave, cheibrodos_ashenzari_chains, lair_entry_dummy
D:10:     layout_basic, orc_0_dummy, nicolae_shop_fire_sale
          [nicolae_sub_dead_trees], kennysheep_pointless_box
D:11:     gammafunk_the_bubble [the_bubble_gammafunk_plus_minus],
          layout_gridville, kennysheep_generic_room_15

Skill      XL: |  1  2  3  4  5  6  7  8  9 10 11 |
---------------+----------------------------------+-----
Dodging        | 3 4 |  4.0
Axes           | 3 4 5 7 8 9 |  9.9
Invocations    | 1 2 4 5 7 8 9 10 | 10.1
Armour         | 1 2 3 5 6 8 |  8.3
Fighting       | 3 4 5 6 |  6.1
Stealth        | 1 2 |  2.5
Throwing       | |  1.7

Action                     |  1- 3 |  4- 6 |  7- 9 | 10-12 || total
---------------------------+-------+-------+-------+-------++-------
  Melee: War axe           |    60 |    89 |   108 |    93 ||   350
         Touch             |     1 |    15 |    29 |    26 ||    71
 Invoke: Light the Black T |     2 |     3 |     3 |     3 ||    11
    Use: Scroll            |     2 |     5 |     5 |     5 ||    17
         Potion            |       |     1 |       |     4 ||     5
   Stab: Distracted        |       |       |     2 |       ||     2
 Armour: Leather armour    |    20 |       |       |       ||    20
         Plate armour      |    10 |    62 |   123 |   129 ||   324
         Skin              |       |       |       |     3 ||     3
  Dodge: Dodged            |    44 |    44 |    37 |    48 ||   173

Table legend: (Time is in decaauts)
 A = Elapsed time spent in this place.
 B = Non-inter-level travel time spent in this place.
 C = Inter-level travel time spent in this place.
 D = Time resting spent in this place.
 E = Time spent auto-exploring this place.
 F = Levels seen in this place.
 G = Mean time per level.
                   A        B        C        D        E       F      G
               +--------+--------+--------+--------+--------+-----+--------+
         Total |  11917 |  10879 |   1038 |   2287 |   7320 |  11 | 1083.4 |
       Dungeon |  11917 |  10879 |   1038 |   2287 |   7320 |  11 | 1083.4 |
               +--------+--------+--------+--------+--------+-----+--------+

Top non-repeatable levels by time:
     D:9: 1488 daAuts
     D:6: 1408 daAuts
     D:8: 1319 daAuts
     D:5: 1252 daAuts
     D:3: 1245 daAuts
     D:7: 1222 daAuts
    D:11: 1164 daAuts
     D:2: 734 daAuts
     D:1: 717 daAuts
     D:4: 701 daAuts
    D:10: 662 daAuts
